[Event "32nd NATO Chess Championship"]
[Site "Tartu, Estonia"]
[Date "2022.06.30"]
[Round "6.44"]
[White "Korge, Kersti"]
[Black "Lambruschini, Alex"]
[Result "1/2-1/2"]
[TimeControl "90 min + 30 sec increment from move one"]
[WhiteFideId "4502310"]
[BlackFideId "2604868"]
[WhiteElo "1864"]
[BlackElo "1807"]

1. b4 d5 2. Bb2 Nf6 3. e3 g6 4. c4 Bg7 5. Nf3 O-O 6. d4 Bg4 7. Nbd2 e6 8. Be2 Qe7 9. c5 c6 10.
O-O Nbd7 11. a4 Ne4 12. Nxe4 dxe4 13. Nd2 Bxe2 14. Qxe2 f5 15. Nc4 Nf6 16. Nd6 Nd5 17. Qc4 Qd7 18.
Qb3 Rfb8 19. Nc4 h6 20. b5 Kh7 21. b6 axb6 22. Nxb6 Nxb6 23. cxb6 Qd5 24. Qxd5 exd5 25. Bc3 Ra6 26.
a5 c5 27. Rfc1 c4 28. Rcb1 Rd8 29. Rb5 Bf8 30. Kf1 Kg8 31. Ke2 Kf7 32. Kd2 Ke6 33. Kc2 Rc8 34. Rab1 Be7 35. f3 Rc6 36.
fxe4 fxe4 37. Rf1 Ra8 38. Rbb1 Rcc8 39. Rf2 Rf8 40. Rbf1 Kd7 41. Rf7 Ke6 42. Rxf8 Bxf8 43. Ra1 Kd7 44.
Kd2 Be7 45. Ke2 Kc6 46. Rb1 Rf8 47. Be1 Bd6 48. h3 Be7 49. Bg3 Ra8 50. Be1 Ba3 51. Kd1 Bd6 52. Kc2 Rf8 53. Kc3 Rf1 54.
Kc2 Rg1 55. a6 bxa6 56. b7 Rxg2+ 57. Kc3 Bb8 58. Kb4 Kxb7 59. Kc5+ Ka7 60. Kxd5 Rg1 61. Rc1 Bg3 62. Bd2 Rxc1 63.
Bxc1 c3 64. Kxe4 Be1 65. Kd3 Bd2 66. Ba3 g5 67. d5 Kb6 68. Bf8 h5 69. e4 g4 70. hxg4 hxg4 71. Bd6 Kb7 72. Bg3 Kc8 73.
e5 Kd7 74. e6+ Ke7 75. Bh4+ Kd6 76. Bg3+ Ke7 77. Bh4+ Kd6 78. Bg3+ Ke7 1/2-1/2

[Event "32nd NATO Chess Championship"]
[Site "Tartu, Estonia"]
[Date "2022.06.30"]
[Round "6.47"]
[White "Chapman, Chas"]
[Black "Steffers, Hendrik"]
[Result "0-1"]
[TimeControl "90 min + 30 sec increment from move one"]
[WhiteFideId "443468"]
[BlackFideId "1010743"]
[WhiteElo "1646"]
[BlackElo "1838"]

1. e4 c5 2. Nf3 e6 3. d3 d5 4. exd5 exd5 5. Be2 Nf6 6. O-O Bd6 7. b3 O-O 8. Bb2 Nc6 9. c4 d4 10.
Re1 Qc7 11. Nbd2 Re8 12. Bf1 Bg4 13. h3 Bf5 14. Rxe8+ Rxe8 15. a3 a5 16. Qc2 h6 17. Re1 Rxe1 18. Nxe1 Qe7 19. Nef3 g5 20.
Qd1 Bg6 21. Qe2 Qxe2 22. Bxe2 b6 23. Kf1 Kg7 24. Ne1 Bf4 25. Ndf3 Nd7 26. Nc2 Bd6 27. Bc1 f5 28. Bd2 f4 29.
Kg1 Kf6 30. Kf1 Be7 31. Kg1 Nce5 32. Nxe5 Nxe5 33. Ne1 Be8 34. Nf3 a4 35. b4 Nxf3+ 36. gxf3 cxb4 37. Bc1 bxa3 38. h4 Ke5 39.
hxg5 hxg5 40. Kg2 Bb4 0-1

[Event "32nd NATO Chess Championship"]
[Site "Tartu, Estonia"]
[Date "2022.07.01"]
[Round "7.2"]
[White "Valeinis, Janis"]
[Black "Papasimakopoulos, Alexandros"]
[Result "0-1"]
[TimeControl "90 min + 30 sec increment from move one"]
[BlackTitle "CM"]
[WhiteFideId "11601450"]
[BlackFideId "4244125"]
[WhiteElo "2176"]
[BlackElo "2259"]

1. Nf3 g6 2. e4 c6 3. d4 d5 4.
exd5 cxd5 5. Bd3 Bg7 6. O-O Bg4 7. c3 Bxf3 8. Qxf3 Nc6 9. Re1 Nf6 10. Nd2 O-O 11. Nf1 Re8 12. Bg5 h6 13.
Bh4 e5 14. dxe5 Nxe5 15. Qd1 Qb6 16. Bxf6 Bxf6 17. Re2 d4 18. c4 Nxd3 19. Qxd3 Rxe2 20. Qxe2 Rd8 21. Rd1 d3 22. Rxd3 Rxd3 23.
Qxd3 Qxb2 24. Qd2 Bd4 25. Qxb2 Bxb2 26. Nd2 Kf8 27. Kf1 Ke7 28. Ke2 Kd6 29. Nb3 Be5 30. h3 Bc3 31. a4 Ke5 32.
Kd3 Be1 33. Ke2 Bb4 34. f3 h5 35. Kd3 Kf4 36. Ke2 Ke5 37. Kd3 g5 38. Ke3 b6 39. Kd3 Kf4 40. Ke2 a5 41. Kf2 h4 42.
Ke2 Ba3 43. Nd2 Kg3 44. Kf1 f5 45. Nb3 g4 46. fxg4 fxg4 47. hxg4 Kxg4 48. Na1 Kf4 49. Ke2 Ke4 50. Nc2 Bc1 51.
Na1 Ba3 52. Nc2 Be7 53. Kd2 Bf6 54. Na3 Kd4 55. Kc2 Be7 56. Nb5+ Kxc4 57. Nc3 Bd8 58. Na2 Bf6 0-1

[Event "32nd NATO Chess Championship"]
[Site "Tartu, Estonia"]
[Date "2022.07.01"]
[Round "7.3"]
[White "Wang, Eigen"]
[Black "Bohn, Ulrich"]
[Result "1-0"]
[TimeControl "90 min + 30 sec increment from move one"]
[WhiteFideId "2008777"]
[BlackFideId "4656105"]
[WhiteElo "2293"]
[BlackElo "2168"]

1. d4 Nf6 2. Nf3 c5 3. d5 b5 4. c4 Bb7 5. Qc2 bxc4 6. e4 e6 7. Bxc4 Be7 8. Nc3 O-O 9. O-O exd5 10.
exd5 d6 11. Rd1 Nbd7 12. a4 Re8 13. a5 a6 14. h3 Nf8 15. Bf4 Ng6 16. Bh2 Bf8 17. Qa4 Rb8 18. Re1 Rxe1+ 19. Rxe1 Bc8 20.
b3 Bd7 21. Qa1 Bb5 22. Nd2 Qd7 23. Nde4 Nxe4 24. Nxe4 Bxc4 25. bxc4 Rb4 26. Qc3 f5 27. Ng5 Be7 28. Ne6 Bf6 29.
Qd3 Ne5 30. Bxe5 Bxe5 31. Qxf5 Qf7 32. Qe4 Rb2 33. f4 Bf6 34. Rb1 Qb7 35. Rxb2 Qxb2 36. Kh2 h6 37. Qg6 Qf2 38. Qe8+ Kh7 39.
Nf8+ Kh8 40. Nd7+ Kh7 41. Nxf6+ gxf6 42. Qf7+ 1-0

[Event "32nd NATO Chess Championship"]
[Site "Tartu, Estonia"]
[Date "2022.07.01"]
[Round "7.4"]
[White "Pietruszewski, Marcin"]
[Black "Nikomanis, Andreas"]
[Result "1/2-1/2"]
[TimeControl "90 min + 30 sec increment from move one"]
[WhiteFideId "1170295"]
[BlackFideId "4213831"]
[WhiteElo "2195"]
[BlackElo "2068"]

1. e4 c5 2. Nf3 d6 3. d4 cxd4 4. Nxd4 Nf6 5. Nc3 g6 6. Be3 Bg7 7. f3 O-O 8. Qd2 Nc6 9. O-O-O d5 10.
exd5 Nxd5 11. Nxc6 bxc6 12. Bd4 Bxd4 13. Qxd4 Qb6 14. Na4 Qa5 15. b3 Be6 16. Qe5 Qb4 17. c4 Nf6 18. Bd3 Rfd8 19.
h4 Nd7 20. Qc3 a5 21. Be4 Rdc8 22. Kb2 Rab8 23. Qxb4 axb4 24. Rd2 Rc7 25. Rhd1 Ra8 26. Rd4 Ra5 27. f4 Kg7 28. R1d2 Kf6 29.
g3 Kg7 30. Rd1 Kf6 31. Ra1 c5 1/2-1/2

[Event "32nd NATO Chess Championship"]
[Site "Tartu, Estonia"]
[Date "2022.07.01"]
[Round "7.5"]
[White "Flaata, Alexander R."]
[Black "Cichy, Kamil"]
[Result "1/2-1/2"]
[TimeControl "90 min + 30 sec increment from move one"]
[WhiteFideId "1502026"]
[BlackFideId "1177257"]
[WhiteElo "2048"]
[BlackElo "2179"]

1. d4 Nf6 2. Bg5 d5 3. Bxf6 exf6 4. e3 Be6 5. Nd2 c6 6. g3 Bd6 7. Bg2 O-O 8. Ne2 Re8 9. O-O Na6 10. a3 Nc7 11. c4 dxc4 12. Rc1 Bf8 13. Nf4 Bd5 14. e4 Be6 15. Nxc4 Qd7 16. Nxe6 Nxe6 17. d5 cxd5 18. exd5 Nc5 19. b4 Ne4 20. Qd3 Nd6 21. Rfe1 Rxe1+ 22. Rxe1 Nxc4 23. Qxc4 a5 1/2-1/2

[Event "32nd NATO Chess Championship"]
[Site "Tartu, Estonia"]
[Date "2022.07.01"]
[Round "7.6"]
[White "Pavlidou, Ekaterini"]
[Black "Jauk, Wilhelm"]
[Result "1-0"]
[TimeControl "90 min + 30 sec increment from move one"]
[WhiteTitle "WIM"]
[WhiteFideId "4213262"]
[BlackFideId "24681067"]
[WhiteElo "2146"]
[BlackElo "2156"]

1. d4 Nf6 2. c4 e6 3. Nc3 d5 4. cxd5 exd5 5. Bg5 Be7 6. e3 O-O 7. Bd3 c6 8. Qc2 Nbd7 9. Nf3 Re8 10. h3 Nf8 11. O-O Ne4 12. Bf4 Nxc3 13. bxc3 Bd6 14. Bxd6 Qxd6 15. a4 b6 16. Rfe1 Be6 17. Ng5 h6 18. Nf3 Nd7 19. c4 Rac8 20. Rac1 c5 21. cxd5 Bxd5 22. e4 Bb7 23. d5 Re7 24. Bc4 Ne5 25. Nh4 Nxc4 26. Nf5 Qd7 27. Nxe7+ Qxe7 28. Qxc4 Rd8 29. a5 Rd6 30. axb6 axb6 31. Ra1 Qe5 32. Qc1 g5 33. Ra7 Rd7 34. Qa1 Qb8 35. Rb1 Rd6 36. Qe5 Qxa7 37. Qxd6 1-0

[Event "32nd NATO Chess Championship"]
[Site "Tartu, Estonia"]
[Date "2022.07.01"]
[Round "7.7"]
[White "Sycz, Dariusz"]
[Black "Duren, Andrew"]
[Result "1/2-1/2"]
[TimeControl "90 min + 30 sec increment from move one"]
[WhiteFideId "1138650"]
[BlackFideId "2019663"]
[WhiteElo "2189"]
[BlackElo "1997"]

1. e4 c5 2. Nc3 g6 3. h4 h5 4. d4 cxd4 5. Qxd4 Nf6 6. Bg5 Nc6 7. Qd2 Bg7 8. f3 d6 9. Bc4 Be6 10.
Bxe6 fxe6 11. Nge2 Qa5 12. Nf4 Kf7 13. O-O Rac8 14. Nh3 Ke8 15. Qf2 Qb6 16. Qxb6 axb6 17. Be3 Nd7 18. Ng5 Bd4 19.
Bf2 Nc5 20. Nd1 Bxf2+ 21. Rxf2 Kd7 22. Ne3 b5 23. Rd1 Ne5 24. b3 Ra8 25. c3 Ra6 26. Rc2 Rf8 27. Kf1 Rf4 28. g3 Rxf3+ 29. Nxf3 Nxf3 30. Ke2 Ne5 31. Rg1 Nxe4 32. g4 Rc6 33. c4 bxc4 34. gxh5 gxh5 35. bxc4 Rc8 36. Rb2 Rf8 37. Rg2 Kc6 38.
Rb3 Rf4 1/2-1/2

[Event "32nd NATO Chess Championship"]
[Site "Tartu, Estonia"]
[Date "2022.07.01"]
[Round "7.8"]
[White "Graczyk, Damian"]
[Black "Nilsson, Erik"]
[Result "1-0"]
[TimeControl "90 min + 30 sec increment from move one"]
[WhiteFideId "1170716"]
[BlackFideId "1409000"]
[WhiteElo "2151"]
[BlackElo "2002"]

1. d4 d5 2. Nf3 Nf6 3. c4 e6 4. Nc3 c6 5. cxd5 exd5 6. Bg5 Be7 7. e3 Nbd7 8. Bd3 O-O 9. O-O h6 10.
Bh4 Ne4 11. Bxe7 Qxe7 12. Qc2 f5 13. Rae1 Nd6 14. a4 a5 15. Ne2 Rf6 16. Ng3 Ne4 17. Nh4 Nf8 18. Nhxf5 Bxf5 19. Nxf5 Rxf5 20.
f3 Re8 21. fxe4 Rxf1+ 22. Rxf1 dxe4 23. Bc4+ Kh7 24. Qf2 Nd7 25. Qf5+ Kh8 26. Qxa5 Rf8 27. Qc7 Rxf1+ 28. Bxf1 Qg5 29.
Qxd7 Qxe3+ 30. Kh1 Qf2 31. Qe8+ 1-0

[Event "32nd NATO Chess Championship"]
[Site "Tartu, Estonia"]
[Date "2022.07.01"]
[Round "7.9"]
[White "Kedzierski, Slawomir"]
[Black "Balmaceda, Enrico"]
[Result "1/2-1/2"]
[TimeControl "90 min + 30 sec increment from move one"]
[WhiteFideId "1134949"]
[BlackFideId "2089785"]
[WhiteElo "2133"]
[BlackElo "1958"]

1. d4 Nf6 2. Nf3 d5 3. c4 e6 4.
Nc3 c6 5. e3 Nbd7 6. Be2 Bd6 7. O-O O-O 8. b3 a6 9. a4 Re8 10. Bb2 b6 11. Qc2 Bb7 12. cxd5 exd5 13. Bd3 c5 14.
Rfd1 Qe7 15. Rac1 Ne4 16. dxc5 Ndxc5 17. Nd4 Nxd3 18. Rxd3 Nxc3 19. Bxc3 Qh4 20. h3 Qh5 21. Bb2 Qg6 22.
Rdd1 Rac8 23. Qf5 Qxf5 24. Nxf5 Bf8 25. Bd4 g6 26. Ng3 Bc5 27. Ne2 Kf8 28. Rc3 Ke7 29. Rdc1 Bxd4 30. Nxd4 Kd6 31.
Kf1 Rxc3 32. Rxc3 Rc8 33. Rxc8 Bxc8 34. Ke2 Bd7 35. Kd3 f6 36. Kc3 a5 37. h4 h6 38. Ne2 Ke5 39. Nd4 g5 40.
Kd3 Be8 41. Nf3+ Kd6 42. Kd4 b5 43. axb5 Bxb5 44. g3 1/2-1/2

[Event "32nd NATO Chess Championship"]
[Site "Tartu, Estonia"]
[Date "2022.07.01"]
[Round "7.10"]
[White "Cheung, Jan"]
[Black "Onley, David E"]
[Result "0-1"]
[TimeControl "90 min + 30 sec increment from move one"]
[WhiteFideId "1010735"]
[BlackFideId "419311"]
[WhiteElo "1964"]
[BlackElo "2083"]

1. d4 Nf6 2. c4 g6 3. Nc3 Bg7 4. e4 d6 5. Nf3 O-O 6. Be2 e5 7. d5 a5 8. Bg5 h6 9. Be3 Na6 10. Nd2 Nc5 11. g4 Ne8 12. h4 f5 13. gxf5 gxf5 14. f3 f4 15.
Bf2 Nf6 16. Qc2 Nh5 17. O-O-O Bd7 18. Rdg1 Kh7 19. Kb1 Bf6 20. Nb3 Nxb3 21. Qxb3 b6 22. Qd1 Qe7 23. Qe1 Rae8 24. Nb5 Qd8 25.
b3 Rg8 26. a3 Rxg1 27. Rxg1 Rg8 28. Rxg8 Kxg8 29. Bf1 Kh7 30. Kb2 Ng3 31. Bxg3 fxg3 32. Qxg3 Bxh4 33. Qh2 Bg5 34. Bh3 Bf4 35.
Qg2 Bg5 36. Kc2 Qc8 37. Bg4 Kg6 38. Kd3 h5 39. Bxd7 Qxd7 40. b4 axb4 41. axb4 h4 42. Nc3 h3 43. Qg1 Kf6 44. Ne2 Qa4 45.
Qg3 Qa2 46. f4 exf4 47. Qxh3 Qb1+ 48. Kc3 Qxe4 49. Qh8+ Kf7 50. Qh5+ Qg6 51. Qxg6+ Kxg6 52. Ng1 Kf5 53. Kd3 Bh4 54.
Nf3 Bf2 55. Ke2 Be3 56. Kd3 Kg4 57. Ke4 Kg3 58. Ng5 Kf2 59. b5 Ke2 60. Nf3 Kf1 61. Kd3 Kg2 62. Ke4 Kg3 63. Ng5 Bc5 64.
Nf3 Kg4 65. Nh2 Kg3 66. Nf3 Be3 67. Ng5 Kf2 68. Nf3 Ke2 69. Ng5 Kd2 70. Ne6 Kc3 71. c5 bxc5 72. Nxc7 c4 73. b6 Bxb6 74.
Nb5+ Kb4 75. Nxd6 Bc7 76. Nf5 c3 77. Kd3 Kb3 78. Nd4+ Kb2 79. Nc2 f3 80. Ne3 Kb3 81. Ke4 f2 82.
Kf3 c2 0-1

[Event "32nd NATO Chess Championship"]
[Site "Tartu, Estonia"]
[Date "2022.07.01"]
[Round "7.12"]
[White "Peraino, Andrew"]
[Black "Tustanowski, Mateusz"]
[Result "1/2-1/2"]
[TimeControl "90 min + 30 sec increment from move one"]
[WhiteFideId "30936187"]
[BlackFideId "1169866"]
[WhiteElo "1940"]
[BlackElo "2036"]

1. e4 e5 2. Nf3 Nc6 3. Bb5 Bc5 4. O-O Nd4 5. Nxd4 Bxd4 6. c3 Bb6 7. d4 c6 8. Ba4 d6 9. Na3 Nf6 10.
Qd3 O-O 11. Bg5 h6 12. Bh4 Bg4 13. Nc4 Bh5 14. Nxb6 axb6 15. Bb3 g5 16. Bg3 Bg6 17. f3 Nh5 18. dxe5 Nxg3 19. hxg3 dxe5 20.
Rad1 Qxd3 21. Rxd3 Rfd8 22. Rfd1 Rxd3 23. Rxd3 Kf8 24. g4 Ke7 25. Kf2 b5 26. a3 f6 27. Rd1 Rh8 28. Rh1 h5 29.
gxh5 Rxh5 30. Rxh5 1/2-1/2

[Event "32nd NATO Chess Championship"]
[Site "Tartu, Estonia"]
[Date "2022.07.01"]
[Round "7.13"]
[White "Stankowski, Aleksander"]
[Black "Nill, Oliver"]
[Result "0-1"]
[TimeControl "90 min + 30 sec increment from move one"]
[WhiteFideId "1137603"]
[BlackFideId "4652630"]
[WhiteElo "1971"]
[BlackElo "2166"]

1. e4 g6 2. d4 Bg7 3. Nc3 d6 4. f4 Nf6 5. Nf3 c5 6. Bb5+ Bd7 7. e5 Ng4 8. e6 Bxb5 9. exf7+ Kd7 10.
Nxb5 Qa5+ 11. Nc3 cxd4 12. Nxd4 h5 13. h3 Nc6 14. Nb3 Bxc3+ 15. bxc3 Qxc3+ 16. Bd2 Qg3+ 17. Ke2 Qxg2+ 18. Kd3 Nf2+ 19.
Kc3 Nxd1+ 20. Raxd1 Rac8 21. Kb2 Rhf8 22. Rhg1 Qxh3 23. Rxg6 Rxf7 24. Re1 a5 25. Re3 Qh2 26. Rge6 a4 27.
Re2 Qh3 28. R6e3 Qf5 29. Nc1 Qb5+ 30. Ka1 Nd4 0-1

[Event "32nd NATO Chess Championship"]
[Site "Tartu, Estonia"]
[Date "2022.07.01"]
[Round "7.14"]
[White "Aagaard, Gert"]
[Black "Mouroutis, Konstantinos"]
[Result "1/2-1/2"]
[TimeControl "90 min + 30 sec increment from move one"]
[WhiteFideId "1427024"]
[BlackFideId "4204689"]
[WhiteElo "1979"]
[BlackElo "2133"]

1. d4 Nf6 2. Nf3 e6 3. Bg5 c5 4. c3 Qb6 5. Bxf6 gxf6 6. Qc2 cxd4 7. cxd4 Nc6 8. e3 d5 9. a3 Bd7 10.
Nbd2 Rc8 11. Qb3 Na5 12. Qxb6 axb6 13. Bd3 Nc4 14. Bxc4 dxc4 15. Ne4 Be7 16. Ke2 Rg8 17. g3 b5 18.
Rhd1 f5 19. Nc3 f6 20. Ne1 Kf7 21. Ng2 Bd6 22. Ne1 Ra8 23. Nc2 Ra6 1/2-1/2

[Event "32nd NATO Chess Championship"]
[Site "Tartu, Estonia"]
[Date "2022.07.01"]
[Round "7.15"]
[White "Ivbulis, Martins"]
[Black "Keough, Robert"]
[Result "0-1"]
[TimeControl "90 min + 30 sec increment from move one"]
[WhiteFideId "11603496"]
[BlackFideId "410667"]
[WhiteElo "1815"]
[BlackElo "2074"]

1. d4 Nf6 2. Nc3 d5 3. Bf4 e6 4. Nb5 Na6 5. a3 Be7 6. e3 O-O 7. Bd3 c6 8. Nc3 c5 9. Nf3 c4 10.
Be2 Nh5 11. Be5 f6 12. Bg3 Nxg3 13. hxg3 Bd7 14. e4 Be8 15. exd5 exd5 16. O-O b5 17. Nd2 Nc7 18. Re1 Bg6 19.
Bf3 Rb8 20. Nf1 Bf7 21. Ne3 Re8 22. Qd2 Bf8 23. Nf5 Qd7 24. g4 a5 25. Ne2 Ra8 26. Nf4 Rxe1+ 27. Rxe1 b4 28. axb4 axb4 29.
b3 cxb3 30. cxb3 Ra3 31. Qd3 Nb5 32. Nh5 Bxh5 33. gxh5 Nc3 34. Ne3 Qf7 35. Bg4 Kh8 36. Bf5 Qxh5 37. g4 Qh3 38. g5 Qh4 39.
gxf6 gxf6 40. Kg2 Ne4 41. Qc2 Ra7 42. Nxd5 Qg5+ 43. Kf1 Qxf5 44. Qxe4 Qh3+ 45. Ke2 Ra2+ 46. Kd1 Qxb3+ 47. Kc1 Qb2+ 48.
Kd1 Qd2# 0-1

[Event "32nd NATO Chess Championship"]
[Site "Tartu, Estonia"]
[Date "2022.07.01"]
[Round "7.16"]
[White "Schott, Guido"]
[Black "Pazeriene, Diana"]
[Result "1/2-1/2"]
[TimeControl "90 min + 30 sec increment from move one"]
[WhiteFideId "4646746"]
[BlackFideId "12802190"]
[WhiteElo "2028"]
[BlackElo "1930"]

1. Nf3 Nf6 2. c4 c5 3. Nc3 g6 4. g3 Bg7 5. Bg2 Nc6 6. O-O O-O 7. d4 cxd4 8. Nxd4 Nxd4 9. Qxd4 d6 10.
Qd2 a6 11. b3 Rb8 12. Bb2 b5 13. cxb5 axb5 14. Nd5 Nxd5 15. Bxg7 Kxg7 16. Bxd5 b4 17. Rfd1 Qb6 18. h4 h5 19.
Bf3 Qb5 20. Rac1 Bb7 21. Qd4+ Kg8 22. Rc7 Bxf3 23. exf3 Qe2 24. Rd2 Qe1+ 25. Kg2 Rb5 26. Qe3 Qxe3 27. fxe3 Re5 28. Kf2 Rb8 29.
Rdc2 Kf8 30. Rc8+ Rxc8 31. Rxc8+ Kg7 32. Rb8 Ra5 33. f4 Rxa2+ 34. Kf3 d5 35. Rxb4 Rc2 36. Rb8 e6 37. b4 Rb2 38.
b5 Kf6 39. b6 Kg7 40. Rb7 1/2-1/2

[Event "32nd NATO Chess Championship"]
[Site "Tartu, Estonia"]
[Date "2022.07.01"]
[Round "7.17"]
[White "Jacob, Tobias"]
[Black "Farrell, John"]
[Result "1/2-1/2"]
[TimeControl "90 min + 30 sec increment from move one"]
[WhiteFideId "12903221"]
[BlackFideId "2024608"]
[WhiteElo "2013"]
[BlackElo "1913"]

1. c4 e5 2. g3 Nc6 3. Bg2 Bc5 4. Nc3 a6 5. e3 d6 6. Nge2 Nge7 7. a3 O-O 8. O-O Bg4 9. h3 Bh5 10.
b4 Ba7 11. Nd5 Bg6 12. d4 exd4 13. exd4 Nxd5 14. Bxd5 Qd7 15. Bg2 Rfe8 16. Be3 Be4 17. Nc3 Bxg2 18. Kxg2 Ne7 19. Qf3 Qc6 20.
Qxc6 Nxc6 21. Rfd1 Ne7 22. g4 Ng6 23. Rd3 Rad8 24. a4 c6 25. b5 d5 26. c5 Bb8 27. Ne2 f5 28. Ra2 f4 29.
Bc1 Nh4+ 30. Kf1 g5 31. bxc6 bxc6 32. Bd2 Bc7 33. Rb2 Rb8 34. Rdb3 Nf3 35. Bc3 Nh2+ 36. Kg1 Rxb3 37. Rxb3 Rxe2 38.
Kxh2 f3+ 39. Kg1 Rc2 40. Kf1 Rc1+ 41. Be1 Ba5 42. Re3 Ra1 1/2-1/2

[Event "32nd NATO Chess Championship"]
[Site "Tartu, Estonia"]
[Date "2022.07.01"]
[Round "7.19"]
[White "Pedersen, Finn"]
[Black "Tammisto, Janek"]
[Result "1-0"]
[TimeControl "90 min + 30 sec increment from move one"]
[WhiteTitle "FM"]
[WhiteFideId "1400762"]
[BlackFideId "4510950"]
[WhiteElo "2300"]
[BlackElo "1881"]

1. e4 g6 2. d4 Bg7 3. Nc3 d6 4. Be3 b6 5. Qd2 Bb7 6. O-O-O Nd7 7. f3 c5 8. Nge2 a6 9. g4 b5 10.
dxc5 Nxc5 11. Bd4 Ne6 12. Bxg7 Nxg7 13. Qd4 e5 14. Qxd6 Qxd6 15. Rxd6 Rd8 16. Rb6 Rd7 17. a4 Ne7 18.
axb5 Nc8 19. Rxb7 Rxb7 20. bxa6 Ra7 21. Nb5 Rd7 22. Nec3 Ne6 23. Nd5 Kd8 24. b4 Nd4 25. Nxd4 exd4 26.
Bb5 Rd6 27. Rd1 Nb6 28. a7 Na8 29. Rxd4 Kc8 30. e5 Re6 31. f4 Kb7 32. Bd7 Ra6 33. f5 Rxa7 34. e6 fxe6 35. fxe6 Ra1+ 36.
Kb2 Re1 37. e7 Nc7 38. Nxc7 Kxc7 39. e8=Q Rhxe8 40. Bxe8 Rxe8 41. h4 h6 42. Rf4 g5 43. hxg5 hxg5 44. Rc4+ Kb6 45. Kb3 Re3+ 46.
c3 Rg3 47. Re4 Kc6 48. Kc4 Kd6 49. Rd4+ Kc6 50. b5+ Kb6 51. Kb4 Rg1 52. c4 Rb1+ 53. Kc3 Rg1 54. Re4 Rg2 55. Kd4 Rd2+ 56.
Ke5 Rf2 57. Kd4 Rd2+ 58. Ke3 Rc2 59. Re6+ Kc7 60. Rc6+ Kb7 61. Rc5 Kb6 62. Kd3 Rc1 63. Rxg5 Rg1 64. Rg6+ Kc7 65. Kd4 Rd1+ 66.
Kc5 Rd7 67. b6+ Kb7 68. Kb5 Rd1 69. Rg7+ Kc8 70. c5 Rb1+ 71. Kc6 Kd8 72. b7 Rb2 73. b8=Q+ 1-0

[Event "32nd NATO Chess Championship"]
[Site "Tartu, Estonia"]
[Date "2022.07.01"]
[Round "7.21"]
[White "Sauer, Marko"]
[Black "Kocur, Marc"]
[Result "1-0"]
[TimeControl "90 min + 30 sec increment from move one"]
[WhiteFideId "1270766"]
[BlackFideId "205036"]
[WhiteElo "2065"]
[BlackElo "1835"]

1. d4 d5 2. Nf3 c6 3. c4 e6 4. e3 Be7 5. Nc3 f5 6. Ne5 Nf6 7. Bd3 O-O 8. Qc2 a6 9. a4 Ne4 10.
f3 Nxc3 11. bxc3 Nd7 12. Nxd7 Bxd7 13. c5 e5 14. O-O e4 15. Be2 Qc7 16. Rb1 Rad8 17. Qb3 Bc8 18. c4 Kh8 19. Bd2 Rf6 20.
Qb6 Qxb6 21. Rxb6 dxc4 22. Bc3 Rdf8 23. f4 h5 24. Bxc4 h4 25. Kf2 Kh7 26. Rfb1 g5 27. Rxb7 Bxb7 28.
Rxb7 Re8 29. d5 cxd5 30. Bxf6 dxc4 31.
Rxe7+ Rxe7 32. Bxe7 gxf4 33. c6 1-0

[Event "32nd NATO Chess Championship"]
[Site "Tartu, Estonia"]
[Date "2022.07.01"]
[Round "7.22"]
[White "Hernandez, Albert"]
[Black "Tikerpuu, Mati"]
[Result "1/2-1/2"]
[TimeControl "90 min + 30 sec increment from move one"]
[WhiteFideId "2075407"]
[BlackFideId "4505905"]
[WhiteElo "2012"]
[BlackElo "1819"]

1. d4 b6 2. Nf3 e6 3. g3 Bb7 4. Bg2 Nf6 5. O-O Be7 6. c4 O-O 7. Nc3 d5 8. Ne5 c5 9. dxc5 Bxc5 10.
Bg5 Be7 11. e3 h6 12. Bxf6 Bxf6 13. Ng4 Bxc3 14. bxc3 Ba6 15. Ne5 Nd7 16. Qa4 Nxe5 17. Qxa6 Nxc4 18. e4 Qc8 19. Qxc8 Raxc8 20. exd5 exd5 21. Bxd5 Rc5 22. Rfd1 Rfc8 23. Rd4 Ne5 24. Kg2 Rxc3 25. Re1 Ng6 26. Rde4 Kf8 27. h4 f6 28. f4 Rc2+ 29.
Kh3 R2c7 30. h5 Ne7 31. Be6 Rd8 32. R1e2 Rc5 33. g4 Rc3+ 34. Kg2 Rc7 1/2-1/2

[Event "32nd NATO Chess Championship"]
[Site "Tartu, Estonia"]
[Date "2022.07.01"]
[Round "7.23"]
[White "Van Den Heuvel, Tonnie"]
[Black "Pirs, Matjaz"]
[Result "0-1"]
[TimeControl "90 min + 30 sec increment from move one"]
[WhiteFideId "1012924"]
[BlackFideId "14606941"]
[WhiteElo "1799"]
[BlackElo "1965"]

1. b3 Nf6 2. Bb2 d5 3. e3 Bf5 4. Nf3 e6 5. c4 Nbd7 6. Nc3 c6 7. Be2 Bd6 8. d4 Ne4 9. Nxe4 dxe4 10.
Nd2 O-O 11. g4 Bg6 12. h4 f5 13. gxf5 exf5 14. h5 Bf7 15. Qc2 Qe7 16. c5 Bc7 17. O-O-O Nf6 18. Rdg1 Nd5 19. Rg2 Be6 20.
Rhg1 Rf7 21. Bc4 Rd8 22. Qd1 b6 23. h6 g6 24. Bxd5 Bxd5 25. Nc4 Bxc4 26. bxc4 bxc5 27. Qh5 Kf8 28.
Ba3 Bd6 29. dxc5 Bxc5 30. Bb2 Ba3 31. Qe2 Rb8 0-1

[Event "32nd NATO Chess Championship"]
[Site "Tartu, Estonia"]
[Date "2022.07.01"]
[Round "7.24"]
[White "Randall, Gordon"]
[Black "Ntalampiras, Spyros"]
[Result "1-0"]
[TimeControl "90 min + 30 sec increment from move one"]
[WhiteFideId "2056518"]
[BlackFideId "4227778"]
[WhiteElo "1954"]
[BlackElo "1815"]

1. d4 Nf6 2. c4 g6 3. Nc3 Bg7 4. e4 d6 5. Nge2 O-O 6. Ng3 e5 7. d5 a5 8. Be2 Na6 9. h4 h5 10.
Bg5 Qe8 11. Qd2 Nc5 12. O-O-O Ng4 13. Rdf1 Kh7 14. f3 Nh6 15. Nb5 Qd7 16. Bd1 c6 17. Nc3 f6 18. Be3 b6 19. Kb1 Ba6 20.
b3 Rab8 21. f4 exf4 22. Bxf4 Nf7 23. Qe2 Rfe8 24. Bc2 b5 25. e5 Nxe5 26. Bxg6+ Nxg6 27. Qxh5+ Kg8 28. Qxg6 Qf7 29. Qxf7+ Kxf7 30.
Bxd6 Nxb3 31. axb3 Rbd8 32. Nf5 bxc4 33. Bc7 Rd7 34. Nd6+ Rxd6 35. Bxd6 cxd5 36. Rd1 Re3 37. Nxd5 Rxb3+ 38. Kc2 f5 39. Rhf1 Rb2+ 40.
Kc1 c3 41. Rg1 Be2 42. Nf4 Bxd1 43. Rxd1 c2 44. Rd5 a4 45. Rxf5+ Ke8 46. Be5 Rb5 47. Nd3 a3 48. Kxc2 a2 49.
Bxg7 Rxf5 50. g4 Ra5 51. Ba1 Ra4 52. Ne5 Re4 53. Kb3 Re2 54. Bb2 Kf8 55. Kxa2 Kg8 56. Kb3 Re4 57. Bc3 Kh7 58.
Kc2 Re2+ 59. Kd3 Rh2 60. Nf3 Rg2 61. Ne5 Rh2 62. Be1 Rh1 63. Bf2 Rh2 64. Ke3 Rh3+ 65. Kf4 Rh2 66. Kg3 Rh1 67.
h5 Rb1 68. Kh4 Rb5 69. Bg3 Rb3 70. Bf4 Rb4 71. Kg5 Rb5 72. Kf5 Rb1 73. g5 Rh1 74. h6 Rh5 75. Ng4 Rh4 76. Nf6+ Kh8 77.
Ng4 Rh1 78. g6 Rh5+ 79. Bg5 Rh1 80. g7+ 1-0

[Event "32nd NATO Chess Championship"]
[Site "Tartu, Estonia"]
[Date "2022.07.01"]
[Round "7.27"]
[White "Choina, Michal"]
[Black "Ivsek, Cveto"]
[Result "1-0"]
[TimeControl "90 min + 30 sec increment from move one"]
[WhiteFideId "1166565"]
[BlackFideId "14608405"]
[WhiteElo "1927"]
[BlackElo "1766"]

1. e4 c5 2. Nf3 Nc6 3. d4 cxd4 4. Nxd4 a6 5. c4 Qb6 6. Nb3 e6 7. Be3 Qc7 8. a3 Nf6 9. Nc3 Be7 10.
Be2 O-O 11. f4 e5 12. f5 Na5 13. Nxa5 Qxa5 14. b4 Qc7 15. g4 h6 16. h4 Nh7 17. Nd5 Qd8 18. Nxe7+ Qxe7 19. Bc5 Qf6 20.
Bxf8 Nxf8 21. Qd5 Qe7 22. c5 Nh7 23. Rd1 Nf6 24. Qd3 Ne8 25. Qe3 f6 26. a4 d6 27. cxd6 Nxd6 28. Qc5 1-0